 Dungeon Crawl Stone Soup version 0.31.0-11-ge490571c62 (webtiles) character file.

Game seed: 6939487033954782063

54 browni3141 the Trooper (level 3, -3/34 HPs)
             Began as a Minotaur Fighter on Jan 27, 2024.
             Slain by a gnoll
             ... wielding a +0 halberd
              (11 damage)
             ... on level 2 of the Dungeon.
             The game lasted 00:00:29 (602 turns).

browni3141 the Trooper (Minotaur Fighter)            Turns: 602, Time: 00:00:30

Health: -3/34      AC:  6    Str: 22    XL:     3   Next: 66%
Magic:  2/2        EV:  9    Int:  5    God:
Gold:   85         SH:  4    Dex:  9    Spells: 2/2 levels left

rFire   . . .        a - +0 war axe
rCold   . . .        c - +0 buckler
rNeg    . . .        b - +0 scale mail
rPois   .            (helmet restricted)
rElec   .            (no cloak)
rCorr   .            (no gloves)
SInv    .            (no boots)
Will    .....        (no amulet) Stlth
                     (no ring)
HPRegen 0.25/turn    (no ring)
MPRegen 0.08/turn

%: no passive effects
@: no status effects
A: horns 2, retaliatory headbutt
a: no special abilities


You were on level 2 of the Dungeon.
You visited 1 branch of the dungeon, and saw 2 of its levels.

You collected 85 gold pieces.

Inventory:

Hand Weapons
 a - a +0 war axe (weapon)
Armour
 b - a +0 scale mail (worn)
 c - a +0 buckler (worn)
Scrolls
 e - 2 scrolls of identify {unknown}
 f - a scroll of vulnerability {unknown}
Potions
 d - a potion of might


   Skills:
 + Level 4.4 Fighting
 * Level 4.2 Axes
 - Level 3.6 Armour
 - Level 3.6 Shields


You had 2 spell levels left.
You didn't know any spells.
Your spell library was empty.

Dungeon Overview and Level Annotations

Branches:
Dungeon (2/15)

Altars:


Innate Abilities, Weirdness & Mutations

You have a pair of horns on your head.
You reflexively headbutt those who attack you in melee.


Message History

You see here a +0 dagger.
You see here a +1 dagger of speed.
You see here a +0 leather armour.
An adder comes into view.
The adder hisses angrily.
A dart slug comes into view.
There are monsters nearby!
You closely miss the adder.
The adder bites you but does no damage. x2
You barely miss the adder. The adder closely misses you.
You furiously retaliate!
You headbutt the adder. The adder bites you.
You miss the adder. Your headbutt misses the adder.
The adder is moderately wounded.
You block the adder's attack. The adder bites you.
You are poisoned.
The adder poisons you!
You barely miss the adder.
The adder is moderately wounded.
You slash the dart slug!
You feel sick. The dart slug launches a dart at you.
The slug dart hits you but does no damage.
The adder bites you but does no damage.
You barely miss the adder. Your headbutt misses the adder.
The adder is moderately wounded.
You hit the dart slug but do no damage.
You feel sick. The adder bites you.
The dart slug bites you but does no damage.
You block the adder's attack.
You hit the dart slug.
You kill the dart slug!
You slash the adder!
You kill the adder!
You feel sick.
Your Axes skill increases to level 4!
You feel sick.
You are no longer poisoned.
No target in view!
No target in view!
No target in view!
A frilled lizard comes into view.
The frilled lizard hisses angrily.
A frilled lizard is nearby!
A frilled lizard is nearby!
A frilled lizard is nearby!
A frilled lizard is nearby!
You barely miss the frilled lizard. You headbutt the frilled lizard.
You kill the frilled lizard!
No target in view!
No target in view!
An adder skeleton comes into view.
An adder skeleton is nearby!
An adder skeleton is nearby!
You see here 18 gold pieces.
The adder skeleton bites you.
You hit the adder skeleton.
The adder skeleton is heavily damaged.
The adder skeleton barely misses you. You furiously retaliate!
You headbutt the adder skeleton!
You destroy the adder skeleton!
No target in view!
You now have 85 gold pieces (gained 18).
A gnoll comes into view. It is wielding a +0 halberd.
The gnoll shouts!
A bat skeleton comes into view.
The gnoll moves out of view. 3 gnolls come into view.
The gnoll shouts! x2
The bat skeleton barely misses you.
The bat skeleton hits you but does no damage.
You see here a book of the Hunter.
You hit the bat skeleton. You headbutt the bat skeleton.
You destroy the bat skeleton!
You block the gnoll's attack.
There are monsters nearby!
There are monsters nearby!
An adder comes into view.
You completely miss the gnoll.
The adder hisses angrily.
You headbutt the gnoll.
The gnoll is moderately wounded.
The gnoll hits you but does no damage. x2
The gnoll splashes around in the water.
The gnoll barely misses you. You block the gnoll's attack.
You closely miss the gnoll.
The gnoll is moderately wounded.
You hit the gnoll.
The gnoll hits you from afar with a +0 spear.
You block the gnoll's attack. The gnoll barely misses you.
You block the gnoll's attack.
The gnoll hits you from afar with a +0 spear!
The gnoll attacks as it pursues you! The gnoll hits you with a +0 club.
The gnoll hits you with a +0 halberd.
The gnoll hits you from afar with a +0 halberd.
The gnoll attacks as it pursues you!
The gnoll hits you from afar with a +0 spear.
The gnoll closely misses you. The gnoll attacks as it pursues you!
The gnoll hits you from afar with a +0 spear.
The gnoll attacks as it pursues you! The gnoll closely misses you.
The gnoll attacks as it pursues you!
The gnoll hits you from afar with a +0 halberd!
You die...

..# ..~~~~.# #.. #..~~~.#
#.######S.....# #.#
#.#....:g.g...# #.#
#.#.#####g#.#.# #>#
#.#.######....# #.##########
###...8..# ##g#.# #......†<...
#........# #.# # #.#######.##
#.#..P..[####@#.###.#######.#
#.#....P....................##
#.#.........)...###....####...
#.#.......###.#.# #....# #.##
#.###.#######.#.###.#### #.#
#. #.##......#.....# #.# #.
#.##.######.###.# #.#
#...........###.# #.#
####.####...#...#######.#


You could see 2 gnolls.

Vanquished Creatures
  3 adders (D:2)
  An adder skeleton (D:2)
  2 dart slugs (D:2)
  A bat skeleton (D:2)
  An endoplasm (D:1)
  2 giant cockroaches (D:2)
  A goblin (D:2)
  4 hobgoblins
  2 bats (D:2)
  2 frilled lizards (D:2)
  2 kobolds (D:2)
  A rat (D:2)
22 creatures vanquished.

Notes
Turn   | Place    | Note
-------+----------+-------------------------------------------
     0 | D:1      | browni3141 the Minotaur Fighter began the quest for the
                  | Orb.
     0 | D:1      | Reached XP level 1. HP: 19/19 MP: 0/0
    83 | D:2      | Reached XP level 2. HP: 25/27 MP: 1/1
   188 | D:2      | Reached XP level 3. HP: 33/33 MP: 2/2
   602 | D:2      | Slain by a gnoll

Illustrated notes

Levels and vault maps discovered:
D:1:      lemuel_arrival_tunnels, layout_loops_corners, serial_shops,
          nicolae_square_shop
D:2:      layout_loops_ring, serial_undead, serial_undead_e, serial_undead_d,
          serial_undead_a, serial_undead_f, serial_bayou_crossing, uniq_terence

Skill      XL: |  1  2  3 |
---------------+----------+-----
Axes           | 3 4 |  4.2
Fighting       | 4 |  4.4
Armour         | |  3.6
Shields        | |  3.6

Action                     || total
---------------------------++-------
  Melee: War axe           ||    45
         Headbutt          ||     4
 Armour: Scale mail        ||    52
  Dodge: Dodged            ||    21
  Block: Buckler           ||    19
